AoeStats
← | ArCas | Toruk Makto

Nomad

509517713Analyzed
4v4 RM · 4d ago on Sep 27, 2026· 37m 29s· 8 players
Game mode
Random Map
Map size
231×231
Population
200
Speed
Normal
Resources
Standard
Victory
Conquest
Starting age
Dark Age
Ending age
Imperial Age
RankedLock teamsTeams togetherTeam positionsShared explorationLock speedFull tech treeHidden civsTurbo modeCheats
Victory
Defeat
🇧🇷 Spanish · Brazil
1503
+13
🇧🇷 Japanese · Brazil
1468
+14
🇨🇳 Wu · China
1392
+17
🇨🇳 Persians · China
1390
+18
🇹🇼 Varangians · Taiwan
1500
-18
🇧🇩 Vietnamese · Bangladesh
1442
-16
🇨🇳 Gurjaras · China
1413
-15
🇦🇷 Berbers · Argentina
1358
-13
| ArCas | Toruk Makto
6:09 Loom
7:40 Loom
14:23 Feudal Age
21:11 Castle Age
21:06 Double-Bit Axe
22:24 Forging
21:43 Pikeman
26:19 Fletching
37:23 Wheelbarrow
36:37 Town Watch
vino
6:25 Loom
14:11 Feudal Age
18:45 Castle Age
17:02 Fishing Lines
17:20 Double-Bit Axe
17:19 Horse Collar
20:09 Gillnets
21:02 Bow Saw
20:44 Town Watch
21:37 Wheelbarrow
25:26 Scale Mail Armor
26:45 Fletching
31:52 Gold Mining
34:05 Chain Mail Armor
34:00 Forging
34:22 Husbandry
34:32 Bloodlines
36:16 Fletching
37:01 Iron Casting
37:14 Scale Barding Armor
37:45 Iron Casting
Gunslinger
4:03 Loom
16:49 Feudal Age
17:22 Double-Bit Axe
21:20 Castle Age
23:12 Wheelbarrow
25:13 Hand Cart
24:46 Horse Collar
29:38 Heavy Plow
29:47 Gold Mining
29:49 Stone Mining
33:06 Stone Shaft Mining
38:55 Imperial Age
kuim
12:14 Feudal Age
10:50 Loom
15:57 Castle Age
16:03 Light Cavalry
28:25 Double-Bit Axe
30:26 Horse Collar
31:05 Scale Barding Armor
36:41 Imperial Age
34:15 Stone Mining
34:16 Gold Mining
35:54 Chain Barding Armor
35:44 Forging
37:06 Forging
Wise™
5:02 Loom
13:48 Feudal Age
17:26 Castle Age
17:09 Stone Mining
17:22 Scale Mail Armor
17:32 Forging
20:17 Iron Casting
24:56 Double-Bit Axe
30:44 Fletching
31:19 Horse Collar
35:10 Wheelbarrow
34:38 Heavy Plow
35:47 Chain Mail Armor
35:18 Elite Skirmisher
HUGO
2:56 Loom
13:11 Feudal Age
17:13 Castle Age
20:35 Padded Archer Armor
24:49 Horse Collar
29:01 Wheelbarrow
28:14 Double-Bit Axe
31:08 Heavy Plow
32:03 Hand Cart
32:18 Leather Archer Armor
37:00 Imperial Age
37:26 Stone Mining
37:26 Gold Mining
XHK
13:24 Feudal Age
14:13 Loom
14:49 Double-Bit Axe
17:38 Castle Age
15:53 Bloodlines
15:36 Gold Mining
15:42 Horse Collar
17:48 Scale Barding Armor
17:59 Forging
21:42 Scale Barding Armor
28:32 Chain Barding Armor
32:54 Wheelbarrow
33:28 Bow Saw
菜菜
5:33 Loom
12:47 Feudal Age
13:27 Double-Bit Axe
14:43 Horse Collar
20:55 Castle Age
23:14 Bow Saw
24:24 Gold Mining
24:53 Stone Mining
29:38 Wheelbarrow
29:42 Fletching
31:21 Bodkin Arrow
31:45 Hand Cart
32:51 Heavy Plow
34:50 Gold Shaft Mining
37:49 Imperial Age
36:00 Scale Mail Armor
Connection lost

Rejoining the realm…

Still unreachable

The connection could not be restored.

Session expired

The server has moved on; the page needs a fresh start.